AoeStats
← [GMEX] | The_Spartako

Arena

508167117Analyzed
4v4 RM · 13d ago on Sep 21, 2026· 43m 43s· 8 players
Game mode
Random Map
Map size
Large (8 player)
Population
200
Speed
Normal
Resources
Standard
Victory
Conquest
Starting age
Dark Age
Ending age
Imperial Age
RankedLock teamsTeams togetherTeam positionsShared explorationLock speedFull tech treeHidden civsTurbo modeCheats
Victory
Defeat
🇲🇽 Persians · Mexico
1219
+11
🇺🇸 Cumans · United States
1152
+14
🇲🇽 Khmer · Mexico
1068
+17
🇹🇼 Huns · Taiwan
1022
+19
🇯🇵 Spanish · Japan
1140
-17
🇵🇰 Mongols · Pakistan
1103
-15
🇺🇸 Bohemians · United States
1092
-15
🇻🇳 Persians · Vietnam
1077
-14
altanbileg
0:27 Loom
10:51 Feudal Age
16:27 Castle Age
14:24 Double-Bit Axe
14:23 Horse Collar
29:34 Imperial Age
27:26 Gold Mining
27:33 Town Watch
27:45 Fletching
28:50 Wheelbarrow
32:00 Heavy Plow
31:54 Stone Mining
36:27 Bow Saw
37:26 Masonry
37:11 Pikeman
38:16 Hand Cart
38:25 Squires
39:56 Halberdier
42:22 Chemistry
42:56 Forging
42:47 Scale Mail Armor
sehal
10:37 Feudal Age
15:17 Castle Age
13:59 Double-Bit Axe
13:57 Horse Collar
15:43 Stone Mining
16:33 Loom
30:03 Gold Mining
34:10 Fletching
34:20 Padded Archer Armor
41:54 Imperial Age
40:30 Wheelbarrow
BLOO
4:58 Loom
10:09 Feudal Age
10:41 Double-Bit Axe
10:53 Horse Collar
20:13 Castle Age
19:44 Scale Barding Armor
20:25 Forging
22:34 Bow Saw
25:55 Wheelbarrow
29:46 Heavy Plow
30:40 Chain Barding Armor
32:54 Iron Casting
31:55 Pikeman
32:43 Squires
33:05 Pikeman
34:07 Scale Mail Armor
36:43 Chain Mail Armor
37:38 Chemistry
37:03 Town Watch
37:50 Ballistics
Vĩnh Nguyễn HCMCity
11:46 Feudal Age
16:00 Castle Age
14:51 Double-Bit Axe
14:50 Horse Collar
15:03 Gold Mining
17:17 Bow Saw
31:10 Imperial Age
29:31 Scale Barding Armor
31:05 Wheelbarrow
30:34 Heavy Plow
32:05 Conscription
31:16 Cavalier
32:07 Bloodlines
33:38 Two-Man Saw
33:48 Crop Rotation
34:40 Chain Barding Armor
35:07 Gold Shaft Mining
36:16 Forging
36:57 Plate Barding Armor
36:41 Pikeman
37:22 Squires
38:25 Iron Casting
37:56 Scale Mail Armor
38:07 Halberdier
39:12 Stone Mining
40:53 Blast Furnace
閒雲野鶴
1:37 Loom
11:11 Feudal Age
11:37 Double-Bit Axe
13:13 Horse Collar
14:48 Wheelbarrow
18:37 Castle Age
18:07 Wheelbarrow
18:40 Forging
18:47 Bloodlines
18:33 Stone Mining
20:00 Gold Mining
21:26 Husbandry
24:34 Bow Saw
25:38 Hand Cart
25:42 Heavy Plow
27:17 Iron Casting
32:47 Gold Shaft Mining
39:43 Imperial Age
37:45 Scale Barding Armor
40:53 Conscription
41:12 Cavalier
43:23 Blast Furnace
43:33 Two-Man Saw
43:07 Chain Barding Armor
[GMEX] | The_Spartako
11:47 Feudal Age
13:00 Double-Bit Axe
13:48 Loom
14:24 Horse Collar
17:15 Castle Age
19:23 Scale Barding Armor
20:03 Forging
20:35 Bow Saw
21:22 Wheelbarrow
21:33 Wheelbarrow
27:40 Bloodlines
32:31 Imperial Age
30:10 Husbandry
30:46 Iron Casting
31:05 Hand Cart
32:11 Ballistics
32:01 Masonry
32:10 Heavy Plow
33:44 Chain Barding Armor
34:25 Blast Furnace
35:24 Chemistry
34:54 Architecture
35:01 Murder Holes
34:31 Cavalier
36:19 Crop Rotation
36:44 Plate Barding Armor
36:55 Savar
42:42 Architecture
43:41 Capped Ram
andrewcarnegiehill_2006
12:09 Feudal Age
15:15 Castle Age
13:37 Double-Bit Axe
14:46 Horse Collar
24:08 Loom
27:44 Bow Saw
27:41 Heavy Plow
34:08 Imperial Age
31:14 Light Cavalry
32:04 Bloodlines
31:54 Husbandry
34:08 Gold Mining
34:09 Stone Mining
35:44 Wheelbarrow
34:54 Town Watch
35:47 Gold Shaft Mining
35:44 Crop Rotation
35:17 Hussar
36:25 Conscription
38:30 Stone Shaft Mining
38:09 Double Crossbow
38:42 Scale Barding Armor
38:47 Forging
38:28 Fletching
40:57 Chain Barding Armor
40:46 Siege Engineers
41:24 Hand Cart
41:10 Town Patrol
42:17 Elite Ballista Elephant
44:00 Chemistry
El Fantasma de Pancho Villa
14:30 Feudal Age
14:37 Man-at-Arms
15:08 Double-Bit Axe
17:02 Scale Mail Armor
18:56 Forging
22:33 Fletching
27:19 Wheelbarrow
27:46 Horse Collar
32:16 Castle Age
30:51 Padded Archer Armor
32:32 Long Swordsman
32:33 Pikeman
33:14 Squires
32:37 Crossbowman
33:17 Capped Ram
34:46 Chain Mail Armor
35:58 Iron Casting
35:59 Elite Skirmisher
36:42 Heavy Plow
36:37 Gold Mining
37:21 Leather Archer Armor
38:58 Bodkin Arrow
41:06 Ballistics
40:54 Thumb Ring
46:36 Imperial Age
44:22 Hand Cart
44:46 Gold Shaft Mining
Connection lost

Rejoining the realm…

Still unreachable

The connection could not be restored.

Session expired

The server has moved on; the page needs a fresh start.